 Dungeon Crawl Stone Soup version 0.16-a0-1065-g6dfd42a (webtiles) character file.

1089 Foahim the Covered (level 8, -2/61 HPs)
             Began as a Human Fighter on Oct 5, 2014.
             Was an Initiate of Okawaru.
             Slain by a goliath beetle zombie (19 damage)
             ... on level 5 of the Dungeon.
             The game lasted 00:16:53 (4779 turns).

Foahim the Covered (Human Fighter)                  Turns: 4779, Time: 00:16:53

HP  -2/61        AC 12     Str 17      XL: 8   Next: 56%
MP   8/8         EV  8     Int  8      God: Okawaru [......]
Gold 258         SH  0     Dex 15      Spells:  0 memorised,  7 levels left

rFire  . . .     SeeInvis +     u - +0 great sword
rCold  . . .     Clarity  .     b - +0 scale mail
rNeg   . . .     rCorr    .     (no shield)
rPois  .         rRot     .     (no helmet)
rElec  .         Spirit   .     s - +0 cloak
SustAb .         Warding  .     i - +1 pair of gloves
rMut   .         Stasis   .     o - +0 pair of boots
Gourm  .                        (no amulet)
MR     .....                    (no ring)
                                k - ring of see invisible

@: not resistant to hostile enchantments, extremely unstealthy
A: no striking features
a: Renounce Religion


You were on level 5 of the Dungeon.
You worshipped Okawaru.
Okawaru was noncommittal.
You were not hungry.

You visited 2 branches of the dungeon, and saw 6 of its levels.

You collected 258 gold pieces.

Inventory:

Hand weapons
 a - a +0 long sword
 u - a +0 great sword (weapon)
Armour
 b - a +0 scale mail (worn)
 e - a +0 shield
 i - a +1 pair of gloves (worn)
 o - a +0 pair of boots (worn)
 s - a +0 cloak (worn)
Magical devices
 c - a wand of frost (0)
Comestibles
 d - 2 bread rations
 j - a meat ration
 A - a royal jelly
Scrolls
 f - 4 scrolls of identify {unknown}
 g - 2 scrolls of random uselessness {unknown}
 h - a scroll of recharging {unknown}
 l - a scroll of remove curse {unknown}
 q - a scroll of blinking {unknown}
 t - 2 scrolls of teleportation {unknown}
 v - a scroll of fear {unknown}
 y - a scroll of amnesia {unknown}
Jewellery
 k - a ring of see invisible (left hand)
Potions
 m - a potion of invisibility {unknown}
 n - a potion of lignification {unknown}
 p - a potion of restore abilities {unknown}
 w - a potion of curing {unknown}
 x - a potion of agility {unknown}
 z - a potion of brilliance {unknown}
Books
 r - a book of Flames

   Spells                             Type                      Level
   Flame Tongue                       Conjuration/Fire             1
   Throw Flame                        Conjuration/Fire             2
   Conjure Flame                      Conjuration/Fire             3
   Inner Flame                        Hexes/Fire                   3
   Sticky Flame                       Conjuration/Fire             4
   Fireball                           Conjuration/Fire             5


   Skills:
 + Level 4.8 Fighting
 + Level 4.7 Long Blades
 + Level 5.3 Armour
 * Level 4.9 Dodging
 + Level 1.0 Stealth
 - Level 4.1 Shields


You had 7 spell levels left.
You didn't know any spells.

Dungeon Overview and Level Annotations

Branches:
Dungeon (5/15)             Temple (1/1) D:4

Altars:
Ashenzari
Cheibriados
Dithmenos
Fedhas
Nemelex Xobeh
Okawaru
Ru
Trog
Vehumet
Xom
Yredelemnul
Zin
The Shining One


Message History

A goliath beetle zombie is nearby!
You hit the goliath beetle zombie. You hit the goliath beetle zombie.
You slash the goliath beetle zombie!
The goliath beetle zombie bites you but does no damage.
You hit the goliath beetle zombie. You slash the goliath beetle zombie!
The goliath beetle zombie barely misses you.
You hit the goliath beetle zombie but do no damage.
You hit the goliath beetle zombie.
The goliath beetle zombie barely misses you.
You hit the goliath beetle zombie. You hit the goliath beetle zombie.
You hit the goliath beetle zombie but do no damage.
The goliath beetle zombie bites you!
* * * LOW HITPOINT WARNING * * *
You hit the goliath beetle zombie.
You hit the goliath beetle zombie but do no damage.
The goliath beetle zombie bites you!!
You die...

#...#...............#............
#...#...............#............
#...#...............#............
....###...######....#.........#..
......)..................####.#..
.........................####....
...................<.......##....
...###'#######..........##.......
#..........# #..@Z...####........
...#.......# #............(......
...#....<..###..........#........
...#.......'.))).................
...#.......####..................
#..........## #................#.
#...........# ###.......#......#
#...........####.......##......#
............##.........#......ยง..


You could see a goliath beetle zombie.

Vanquished Creatures
  An ogre (D:4)
  A phantom (D:4)
  Sigmund (D:2)
  A giant frog (D:5)
  A giant frog zombie (D:5)
  A crimson imp (D:5)
  2 orc priests
  3 hounds (D:4)
  A centaur skeleton (D:4)
  An iguana (D:4)
  6 orc wizards
  Natasha (thrice) (D:4)
  2 worker ants
  Ijyb (D:4)
  An ogre skeleton (D:4)
  Terence (D:3)
  8 gnolls
  5 adders
  A shadow imp (D:5)
  A giant mite (D:4)
  2 worms
  An adder skeleton (D:4)
  2 giant geckos
  An ooze (D:1)
  9 orcs
  3 ball pythons
  9 bats
  4 goblins
  9 hobgoblins
  6 jackals (D:5)
  10 giant cockroaches
  A giant gecko skeleton (D:5)
  4 giant newts
  7 kobolds
  12 rats
122 creatures vanquished.

Notes
Turn   | Place    | Note
--------------------------------------------------------------
     0 | D:1      | Foahim, the Human Fighter, began the quest for the Orb.
     0 | D:1      | Reached XP level 1. HP: 18/18 MP: 1/1
   143 | D:1      | Reached XP level 2. HP: 24/24 MP: 2/2
   428 | D:1      | Reached XP level 3. HP: 29/29 MP: 3/3
   734 | D:2      | Reached skill level 1 in Dodging
   734 | D:2      | Reached XP level 4. HP: 35/35 MP: 4/4
  1059 | D:2      | Noticed Sigmund
  1080 | D:2      | Killed Sigmund
  1080 | D:2      | Reached XP level 5. HP: 9/42 MP: 5/5
  1698 | D:3      | Found a radiant altar of Vehumet.
  1933 | D:3      | Reached XP level 6. HP: 20/48 MP: 6/6
  2096 | D:3      | Noticed Terence
  2117 | D:3      | Killed Terence
  2117 | D:3      | Reached skill level 4 in Armour
  2505 | D:4      | Noticed Ijyb
  2521 | D:4      | Killed Ijyb
  2521 | D:4      | Reached XP level 7. HP: 49/54 MP: 7/7
  3016 | D:4      | Noticed Natasha
  3025 | D:4      | Killed Natasha
  3316 | D:4      | Noticed Natasha
  3326 | D:4      | Killed Natasha
  3506 | D:4      | Reached skill level 5 in Armour
  3506 | D:4      | Reached XP level 8. HP: 61/61 MP: 8/8
  3734 | D:4      | Found a staircase to the Ecumenical Temple.
  3740 | Temple   | Entered the Ecumenical Temple
  4016 | Temple   | Became a worshipper of Warmaster Okawaru
  4159 | D:4      | Noticed Natasha
  4172 | D:4      | Killed Natasha
  4236 | D:5      | Entered Level 5 of the Dungeon
  4374 | D:5      | Reached skill level 1 in Stealth
  4779 | D:5      | Slain by a goliath beetle zombie

Action                   |  1- 3 |  4- 6 |  7- 9 || total
-------------------------+-------+-------+-------++-------
Melee: Long sword        |    93 |   156 |       ||   249
       Great sword       |       |    27 |   238 ||   265
  Use: Potion            |       |     1 |       ||     1
  Eat: Bread ration      |       |     2 |     1 ||     3
       Beef jerky        |       |       |     2 ||     2
